 Dungeon Crawl Stone Soup version 0.27.1-33-g824d729ab1 (webtiles) character file.

Game seed: 115777915880807957

44 zeram the Magician (level 3, 0/16 HPs)
             Began as a Spriggan Fire Elementalist on Dec 21, 2021.
             Succumbed to an adder's poison
             ... on level 2 of the Dungeon.
             The game lasted 00:03:25 (1899 turns).

zeram the Magician (Spriggan Fire Elementalist)     Turns: 1899, Time: 00:03:25

Health: 0/16       AC:  2    Str:  4    XL:     3   Next: 39%
Magic:  5/8        EV: 17    Int: 17    God:
Gold:   53         SH:  0    Dex: 15    Spells: 7/8 levels left

rFire    . . .     SeeInvis +   c - +1 short sword (protect)
rCold    . . .     Faith    .   (shield restricted)
rNeg     . . .     Spirit   .   a - +0 robe
rPois    .         Reflect  .   (helmet restricted)
rElec    .         Harm     .   (no cloak)
rCorr    .         Rampage  .   (gloves unavailable)
Will     .....                  (boots unavailable)
Stlth    ++........             (no amulet)
HPRegen  0.05/turn              (no ring)
MPRegen  0.11/turn              (no ring)

@: lethally poisoned (0 -> -9), attractive, very quick
A: very small, no large weapons, unfitting armour, see invisible, speed 3
a: no special abilities


You were on level 2 of the Dungeon.
You visited 1 branch of the dungeon, and saw 2 of its levels.

You collected 53 gold pieces.

Inventory:

Hand Weapons
 b - a +0 dagger
 c - a +1 short sword of protection (weapon)
Armour
 a - a +0 robe (worn)
Potions
 d - a potion of attraction
 e - a potion of brilliance {unknown}


   Skills:
 + Level 0.5 Short Blades
 + Level 3.2 Dodging
 - Level 3.0 Stealth
 + Level 3.3 Spellcasting
 - Level 0.6 Conjurations
 + Level 3.1 Fire Magic


You had 7 spell levels left.
You knew the following spells:

 Your Spells              Type           Power      Damage    Failure   Level
a - Foxfire               Conj/Fire      36%        2x1d5     8%          1

Your spell library contained the following spells:

 Spells                   Type           Power      Damage    Failure   Level
 Conjure Flame            Conj/Fire      9%         6-21      24%         3
 Sublimation of Blood     Necr           1%         N/A       26%         2
 Inner Flame              Hex/Fire       8%         N/A       26%         3
 Sticky Flame             Conj/Fire      9%         2d3       61%         4
 Petrify                  Tmut/Erth      2%         N/A       86%         4
 Fireball                 Conj/Fire      4%         3d4       91%         5
 Irradiate                Conj/Tmut      1%         3d13      99%         5


Dungeon Overview and Level Annotations

Branches:
Dungeon (2/15)

Altars:


Innate Abilities, Weirdness & Mutations

You are very small and have problems with some larger weapons.
You are too small for most types of armour.
You have supernaturally acute eyesight. (SInv)
You cover ground extremely quickly. (Speed+++)


Message History

The foxfire hits the adder.
The adder is heavily wounded.
Casting: Foxfire (safe; 8% risk of failure)
Confirm with . or Enter, or press ? or * to list all spells.
You conjure some foxfire!
The adder misses you.
You closely miss the adder.
The adder is heavily wounded.
The foxfire hits the adder but does no damage.
The adder is heavily wounded.
The foxfire hits the adder.
The adder is heavily wounded.
The adder bites you.
You are poisoned.
The adder poisons you! The adder closely misses you.
Casting: Foxfire (safe; 8% risk of failure)
Confirm with . or Enter, or press ? or * to list all spells.
You conjure some foxfire!
You feel sick. The adder misses you.
Unknown command.
Your foxfire dissipates!
You feel sick.
The foxfire hits the adder.
The adder is almost dead.
You feel sick.
It was a potion of attraction.
You feel attractive to monsters.
You feel sick. The adder misses you. x2
Casting: Foxfire (safe; 8% risk of failure)
Confirm with . or Enter, or press ? or * to list all spells.
You conjure some foxfire!
You feel sick. The adder bites you.
* * * LOW HITPOINT WARNING * * *
You are lethally poisoned!
The adder poisons you!
Unknown command.
Your foxfire dissipates!
* * * LOW HITPOINT WARNING * * *
You feel sick.
The foxfire hits the adder but does no damage.
The adder is almost dead.
You barely miss the adder.
The adder is almost dead.
You die...

####### ......# ##########.
......# #..........
......############.≈≈≈≈.≈≈≈≈
................@S.≈≈≈≈.≈≈≈≈
..)...###########..≈≈≈≈.≈≈≈≈
..†...# ##?≈≈≈≈.≈≈≈≈
......## . ..≈≈≈≈.....
.......# ##.# #........≈≈≈
######.# .... #..≈≈≈≈≈.≈≈≈
######.##..# ##.≈≈≈≈≈.≈≈≈
#.........# .≈≈≈≈≈.
.......#### ###.≈≈ .≈≈≈≈


You could see an adder.

Vanquished Creatures
  A dart slug (D:1)
  A bat (D:2)
  5 endoplasms (D:1)
  3 giant cockroaches (D:1)
  3 goblins
  6 hobgoblins
  A quokka (D:2)
  7 ball pythons
  4 frilled lizards (D:1)
  4 kobolds (D:1)
  2 rats (D:1)
37 creatures vanquished.

Vanquished Creatures (others)
  98 foxfires
98 creatures vanquished.

Grand Total: 135 creatures vanquished

Notes
Turn   | Place    | Note
-------+----------+-------------------------------------------
     0 | D:1      | zeram the Spriggan Fire Elementalist began the quest for
                  | the Orb.
     0 | D:1      | Reached XP level 1. HP: 9/9 MP: 5/5
   293 | D:1      | Reached XP level 2. HP: 13/13 MP: 2/7
  1224 | D:1      | Reached XP level 3. HP: 11/16 MP: 4/8
  1327 | D:1      | Found a faded altar of an unknown god.
  1899 | D:2      | Succumbed to an adder's poison

Illustrated notes

Levels and vault maps discovered:
D:1:      nicolae_arrival_washed_ashore, layout_basic,
          shapermc_ecumenical_altar_petra
D:2:      layout_rooms, serial_shops, nicolae_square_shop, minivault_14,
          chequers_jeans

Skill      XL: |  1  2 |
---------------+-------+-----
Spellcasting   | 3 |  3.3
Dodging        | 3 |  3.2
Fire Magic     | 3 |  3.1
Short Blades   | |  0.5
Stealth        | |  3.0
Conjurations   | |  0.6

Action                   || total
-------------------------++-------
Melee: Short sword       ||    47
 Cast: Foxfire           ||    60
  Use: Potion            ||     1
 Stab: Sleeping          ||     2
Armor: Robe              ||     6
Dodge: Dodged            ||    44
